AoeStats
← CHRISTO LE ROI8

African Clearing

510382599Analyzed
2v2 RM · 2d ago on Sep 30, 2026· 68m 47s· 4 players
Game mode
Random Map
Map size
Medium (4 player)
Population
200
Speed
Normal
Resources
Standard
Victory
Conquest
Starting age
Dark Age
Ending age
Imperial Age
RankedLock teamsTeams togetherTeam positionsShared explorationLock speedFull tech treeHidden civsTurbo modeCheats
Victory
Defeat
🇺🇸 Tatars · United States
924
+18
🇫🇷 Romans · France
854
+12
🇩🇪 Teutons · Germany
858
-34
🇩🇪 Huns · Germany
700
-8
blackbat91
11:45 Loom
12:26 Loom
15:14 Feudal Age
20:44 Castle Age
20:01 Forging
20:03 Scale Barding Armor
21:14 Double-Bit Axe
21:23 Gold Mining
27:28 Iron Casting
28:34 Chain Barding Armor
29:30 Bloodlines
33:02 Wheelbarrow
36:21 Husbandry
38:56 Imperial Age
38:06 Gold Shaft Mining
39:35 Bow Saw
40:17 Conscription
40:16 Town Watch
43:45 Blast Furnace
45:36 Hand Cart
45:23 Heavy Camel Rider
47:49 Elite Steppe Lancer
49:09 Plate Barding Armor
57:51 Silk Armor
CHRISTO LE ROI8
15:21 Feudal Age
18:07 Wheelbarrow
21:33 Double-Bit Axe
26:04 Castle Age
25:50 Stone Mining
25:51 Gold Mining
25:53 Fishing Lines
26:36 Scale Mail Armor
26:47 Forging
33:04 Gillnets
32:58 Horse Collar
35:23 Heavy Plow
35:56 Hand Cart
36:46 Iron Casting
41:37 Imperial Age
40:04 Ballistas
40:22 Squires
39:42 Pikeman
40:35 Bloodlines
39:46 Light Cavalry
40:27 Husbandry
40:47 Chain Mail Armor
41:10 Bow Saw
43:26 Heavy Scorpion
43:28 Capped Ram
45:28 Chemistry
45:00 Conscription
46:11 Crop Rotation
46:26 Gold Shaft Mining
46:15 Siege Engineers
46:32 Ballistics
46:46 Halberdier
47:39 Scale Barding Armor
49:39 Blast Furnace
52:31 Siege Ram
Bot 1
3:19 Loom
15:49 Feudal Age
17:06 Wheelbarrow
17:53 Man-at-Arms
19:05 Gold Mining
23:50 Castle Age
21:45 Double-Bit Axe
22:43 Arson
23:09 Scale Mail Armor
24:41 Bow Saw
24:17 Long Swordsman
28:43 Horse Collar
29:40 Heavy Plow
30:01 Hand Cart
31:53 Husbandry
37:06 Town Watch
37:37 Bloodlines
43:43 Imperial Age
42:45 Scale Barding Armor
43:26 Gold Shaft Mining
42:41 Stone Mining
43:53 Cavalier
44:55 Conscription
43:58 Elite Tarkan
44:28 Light Cavalry
46:21 Paladin
47:14 Caravan
50:23 Pikeman
51:03 Squires
54:36 Sanctity
54:48 Illumination
MineFlitzer
8:33 Loom
14:21 Feudal Age
16:58 Horse Collar
17:40 Double-Bit Axe
21:48 Wheelbarrow
23:21 Town Watch
24:08 Gold Mining
24:14 Stone Mining
25:52 Man-at-Arms
29:26 Arson
32:58 Castle Age
32:01 Fishing Lines
33:45 Pikeman
38:46 Stone Shaft Mining
40:24 Bow Saw
45:03 Hand Cart
45:52 Caravan
46:12 Heavy Plow
49:04 Scale Mail Armor
49:14 Forging
49:10 Squires
48:45 Elite Skirmisher
54:55 Chain Mail Armor
54:46 Scale Barding Armor
55:16 Iron Casting
57:37 Chain Barding Armor
57:17 Padded Archer Armor
57:08 Fletching
60:20 Imperial Age
58:41 Atonement
58:53 Redemption
63:11 Imperial Age
62:23 Town Patrol
Connection lost

Rejoining the realm…

Still unreachable

The connection could not be restored.

Session expired

The server has moved on; the page needs a fresh start.